 Dungeon Crawl Stone Soup version 0.28.0-53-g5a82cb258f (webtiles) character file.

Game seed: 9746155467673686088

2752 Gabide the Fighter (level 9, 0/81 HPs)
             Began as a Barachi Hunter on June 18, 2022.
             Was a Follower of Dithmenos.
             Succumbed to a water moccasin's poison
             ... on level 6 of the Dungeon.
             The game lasted 00:13:19 (9940 turns).

Gabide the Fighter (Barachi Hunter)                 Turns: 9940, Time: 00:13:20

Health: 0/81       AC:  5    Str: 14    XL:     9   Next: 68%
Magic:  9/9        EV: 11    Int: 12    God:    Dithmenos [*.....]
Gold:   213        SH:  0    Dex: 16    Spells: 8/8 levels left

rFire   . . .      SeeInvis .   y - +2 whip (venom)
rCold   . . .      Faith    .   (no shield)
rNeg    . . .      Spirit   .   f - +0 ring mail
rPois   .          Reflect  .   (no helmet)
rElec   .          Harm     .   (no cloak)
rCorr   .          Rampage  .   (no gloves)
Will    .....                   (no boots)
Stlth   +.........              i - amulet of magic regeneration
HPRegen 0.23/turn               e - +4 ring of slaying
MPRegen 0.51/turn               (no ring)

@: mighty, lethally poisoned (0 -> -9), unable to hop, wreathed by umbra, slow
A: amphibious, slowness 1, strong legs 1, +LOS
a: Hop, Renounce Religion


You were on level 6 of the Dungeon.
You worshipped Dithmenos.
Dithmenos was aware of your devotion.
You visited 2 branches of the dungeon, and saw 7 of its levels.
You also visited: Sewer.

You collected 255 gold pieces.
You spent 42 gold pieces at shops.

Inventory:

Hand Weapons
 a - a +1 hand crossbow
 b - a +0 flail of protection
 y - a +2 whip of venom (weapon)
 C - a +1 mace of holy wrath
Missiles
 d - 95 bolts
 A - 5 atropa-tipped darts (quivered)
Armour
 f - a +0 ring mail (worn)
Jewellery
 e - a +4 ring of slaying (left hand)
 i - an amulet of magic regeneration (around neck)
Wands
 l - a wand of polymorph (7)
 E - a wand of iceblast (8)
Scrolls
 g - a scroll of holy word
 h - a scroll of amnesia
 j - a scroll of blinking
 m - a scroll of acquirement {unknown}
 q - a scroll of noise
 s - a scroll of silence {unknown}
 u - a scroll of immolation
 v - a scroll of fog {unknown}
 z - 3 scrolls of teleportation
 D - a scroll of identify
Potions
 c - a potion of attraction
 n - a potion of magic {unknown}
 o - a potion of invisibility {unknown}
 p - 4 potions of flight
 t - a potion of lignification {unknown}
 w - 2 potions of mutation
 x - 2 potions of cancellation {unknown}
 B - a potion of brilliance {unknown}


   Skills:
 + Level 11.2 Fighting
 + Level 10.1 Crossbows
 - Level 2.1 Dodging
 - Level 0.8 Stealth


You had 8 spell levels left.
You didn't know any spells.
Your spell library contained the following spells:

 Spells                   Type           Power      Damage    Failure   Level
 Magic Dart               Conj           0%         1d3       56%         1
 Sandblast                Erth           0%         2d4       56%         1
 Call Imp                 Summ           0%         N/A       71%         2
 Passwall                 Tmut/Erth      0%         N/A       71%         2
 Mephitic Cloud           Conj/Pois/Air  0%         N/A       90%         3
 Stone Arrow              Conj/Erth      0%         3d7       90%         3
 Olgreb's Toxic Radiance  Pois           0%         N/A       100%        4
 Ozocubu's Refrigeration  Ice            0%         4d5       100%        7
 Ignition                 Fire           0%         3d3       100%        8


Dungeon Overview and Level Annotations

Branches:
Dungeon (6/15)             Temple (1/1) D:5           Sewer (visited)

Altars:
Ashenzari
Cheibriados
Dithmenos
Elyvilon
Fedhas
Gozag
Hepliaklqana
Makhleb
Nemelex Xobeh
Okawaru
Qazlal
Ru
Sif Muna
Trog
Uskayaw
Vehumet
Wu Jian
Xom
Yredelemnul
Zin
The Shining One

Shops:
D:3 *


Innate Abilities, Weirdness & Mutations

You are amphibious.
You cover ground slowly.
You can hop short distances.
You have an extended range of vision and can be seen from far away.


Message History

y - a +2 whip of venom (weapon)
You feel sick.
The water moccasin bites you but does no damage.
You miss the water moccasin.
The water moccasin is lightly wounded.
You feel sick. The water moccasin barely misses you.
The water moccasin bites you but does no damage.
You whack the water moccasin!
The water moccasin is heavily wounded.
You feel sick. The water moccasin bites you!
* * * LOW HITPOINT WARNING * * *
You closely miss the water moccasin.
The water moccasin is heavily wounded.
You feel sick. The water moccasin bites you.
* * * LOW HITPOINT WARNING * * *
The water moccasin bites you.
* * * LOW HITPOINT WARNING * * *
You are more poisoned.
The water moccasin poisons you!
You feel very mighty all of a sudden.
* * * LOW HITPOINT WARNING * * *
You feel very sick.
The water moccasin completely misses you.
You whack the water moccasin!
The water moccasin is severely wounded.
* * * LOW HITPOINT WARNING * * *
You feel very sick. The water moccasin closely misses you.
The water moccasin bites you.
* * * LOW HITPOINT WARNING * * *
You miss the water moccasin.
The water moccasin is severely wounded.
* * * LOW HITPOINT WARNING * * *
You feel sick. The water moccasin bites you.
* * * LOW HITPOINT WARNING * * *
Okay, then.
You whack the water moccasin!
You kill the water moccasin!
Dithmenos accepts your kill.
You are shrouded in an aura of darkness!
You die...

#.#. # ### # #
#....# ####.#
#./#. #(...
#..#.######...###
#........... ..#
#.....##(# #.#
#.#(.(.(.# #.###
#..((.##.# #...#
#@#.. #.# #....
#.....##.#####.#.#
####.###.........<
#.#####..####.#
#..............
###############


There were no monsters in sight!

Vanquished Creatures
  Grinder (D:5)
  Edmund (D:5)
  Duvessa (D:6)
  A water moccasin (D:6)
  3 ice beasts (D:6)
  2 necrophages (D:6)
  4 ogres
  2 centaurs (D:5)
  A bullfrog (D:6)
  3 scorpions
  A water moccasin zombie (D:5)
  Dowan (D:6)
  An electric eel (D:6)
  2 bullfrog zombies (D:6)
  A centaur zombie (D:5)
  5 hounds
  3 jellies
  An orc priest (D:5)
  An orc wizard (D:3)
  6 iguanas
  3 howler monkey zombies
  2 howler monkey skeletons
  12 gnolls
  13 adders
  3 river rats
  A white imp (D:6)
  An ufetubus (D:5)
  An adder skeleton (D:5)
  4 worms
  5 dart slugs
  16 orcs
  10 endoplasms
  9 giant cockroaches
  7 goblins
  6 hobgoblins
  A jackal (Sewer)
  10 kobolds
  3 quokkas
  15 ball pythons
  11 bats
  8 frilled lizards
  5 rats
187 creatures vanquished.

Vanquished Creatures (others)
  A fungus (D:6)
1 creature vanquished.

Grand Total: 188 creatures vanquished

Notes
Turn   | Place    | Note
-------+----------+-------------------------------------------
     0 | D:1      | Gabide the Barachi Hunter began the quest for the Orb.
     0 | D:1      | Reached XP level 1. HP: 17/17 MP: 1/1
   368 | D:1      | Reached XP level 2. HP: 23/23 MP: 2/2
   448 | D:1      | Reached skill level 3 in Fighting
   842 | D:1      | Reached XP level 3. HP: 19/29 MP: 3/3
  1419 | D:1      | Found a faded altar of an unknown god.
  1830 | D:2      | Reached skill level 4 in Fighting
  1830 | D:2      | Reached XP level 4. HP: 37/37 MP: 4/4
  2026 | D:2      | Reached skill level 5 in Crossbows
  2289 | D:3      | Found Justimom's General Store.
  2297 | D:3      | Bought a scroll of magic mapping for 42 gold pieces
  2385 | D:3      | Reached XP level 5. HP: 17/43 MP: 5/5
  2481 | D:3      | Found a glowing drain.
  2485 | D:3      | Reached skill level 5 in Fighting
  2494 | Sewer    | Entered a sewer
  2854 | Sewer    | Reached XP level 6. HP: 47/51 MP: 6/6
  4442 | D:4      | Reached skill level 6 in Fighting
  4615 | D:4      | Reached XP level 7. HP: 59/59 MP: 7/7
  5147 | D:4      | Reached skill level 7 in Fighting
  5735 | D:5      | Entered Level 5 of the Dungeon
  6317 | D:5      | Noticed Edmund
  6329 | D:5      | Killed Edmund
  6330 | D:5      | Reached XP level 8. HP: 45/68 MP: 8/8
  6336 | D:5      | Reached skill level 8 in Fighting
  6654 | D:5      | Identified the +0 scale mail "Arched" {Stlth+}
  7078 | D:5      | Found a staircase to the Ecumenical Temple.
  7207 | Temple   | Entered the Ecumenical Temple
  7220 | Temple   | Became a worshipper of Dithmenos the Shadowed
  7523 | D:5      | Noticed Grinder
  7533 | D:5      | Paralysed by Grinder for 7 turns
  7546 | D:5      | Killed Grinder
  7547 | D:5      | Reached skill level 9 in Fighting
  7814 | D:5      | Reached XP level 9. HP: 24/78 MP: 9/9
  8189 | D:5      | Reached skill level 10 in Fighting
  8930 | D:6      | Noticed Dowan
  8930 | D:6      | Noticed Duvessa
  8935 | D:6      | Killed Dowan
  8947 | D:6      | Killed Duvessa
  9601 | D:6      | Reached skill level 11 in Fighting
  9757 | D:6      | Reached skill level 10 in Crossbows
  9939 | D:6      | HP: 2/81 [water moccasin (3)]
  9940 | D:6      | Reached * piety under Dithmenos
  9940 | D:6      | Succumbed to a water moccasin's poison

Illustrated notes

Levels and vault maps discovered:
D:1:      onia_arrival_mini_maze_b, layout_loops_corners,
          dilly_ecumenical_altar_fadedgnrine, minmay_door_square
D:2:      layout_loops_ring
D:3:      layout_basic, gup_sewer_entry_bubbles, serial_glass, glass_columns_a,
          glass_columns_c, serial_shops, nicolae_square_shop,
          nicolae_underground_beach
D:4:      layout_basic
D:5:      minmay_razor_zed, layout_basic, minmay_temple_entry_poolview,
          serial_curves, eino_curves_03, eino_curves_03, uniq_grinder,
          uniq_edmund
D:6:      layout_loops_ring, st_stairs_11, small_statue_intersection,
          minivault_4, uniq_crazy_yiuf_cottage, uniq_duvessa
Temple:   mainiacjoe_temple_hex_bubbles

Skill      XL: |  1  2  3  4  5  6  7  8  9 |
---------------+----------------------------+-----
Fighting       | 3 4 5 6 7 9 11 | 11.2
Crossbows      | 5 6 7 8 10 | 10.1
Dodging        | |  2.1
Stealth        | |  0.8

Action                   |  1- 3 |  4- 6 |  7- 9 || total
-------------------------+-------+-------+-------++-------
Melee: Short sword       |    80 |    23 |       ||   103
       Punch             |     2 |     6 |     4 ||    12
       Unarmed           |       |    21 |       ||    21
       Flail             |       |   138 |   199 ||   337
       Whip              |       |       |     6 ||     6
 Fire: Hand crossbow     |     5 |    20 |   136 ||   161
 Abil: Hop               |     1 |       |    10 ||    11
  Use: Scroll            |       |     5 |     6 ||    11
       Potion            |       |       |     7 ||     7
Armor: Leather armour    |     7 |       |       ||     7
       Ring mail         |    21 |    88 |   177 ||   286
Dodge: Dodged            |    46 |   126 |   231 ||   403
